 Dungeon Crawl Stone Soup version 0.25-a0-578-gc91f01c39c (webtiles) character file.

Game seed: 2911913981813979518, levelgen mode: deterministic

274964 Flugslaktarn the Tortoise (level 19, -1/193 HPs)
             Began as a Deep Dwarf Fighter on Mar 4, 2020.
             Was the Champion of Makhleb.
             Slain by a purple draconian
             ... wielding a +0 scimitar
              (18 damage)
             ... on level 2 of the Realm of Zot.
             The game lasted 00:17:35 (15487 turns).

Flugslaktarn the Tortoise (Deep Dwarf Fighter)     Turns: 15487, Time: 00:17:35

Health: -1/193     AC: 36    Str: 22    XL:     19   Next: 11%
Magic:  22/22      EV:  7    Int:  8    God:    Makhleb [******]
Gold:   1743       SH: 20    Dex: 12    Spells: 18/18 levels left

rFire    + . .     SeeInvis +   b - +6 broad axe (elec)
rCold    + + .     Gourm    .   y - +0 tower shield
rNeg     + + .     Faith    .   n - +7 chain mail "Ybix" {Str-4 Int-3 Slay+5 Stlth+}
rPois    +         Spirit   .   S - +3 helmet "Dathuog" {-Cast rN+ rCorr}
rElec    .         Reflect  .   i - +0 cloak {+Inv}
rCorr    +         Harm     .   R - +0 pair of gloves
MR       +++..     NoCast   +   M - +2 pair of boots
Stlth    ..........             G - amulet of Yredelemnul's Regard {Acrobat rC+ MR+}
HPRegen  0.00/turn              p - +2 ring of protection
MPRegen  0.18/turn              J - ring "Plog" {rPois rF+ SInv Stlth+}

@: mighty, non-regenerating
A: damage resistance, heal wounds, cold resistance 1, high mp 1, negative energy
resistance 1, sense surroundings 3, evolution 1, no regeneration
}: 3/15 runes: decaying, slimy, gossamer
a: Heal Wounds, Minor Destruction, Lesser Servant of Makhleb, Major Destruction,
Greater Servant of Makhleb, Renounce Religion, Evoke Invisibility


You were on level 2 of the Realm of Zot.
You worshipped Makhleb.
Makhleb was exalted by your worship.
You were not hungry.

You visited 8 branches of the dungeon, and saw 42 of its levels.
You also visited: Gauntlet.

You collected 2903 gold pieces.
You spent 1160 gold pieces at shops.

Inventory:

Hand Weapons
 b - a +6 broad axe of electrocution (weapon)
   (You acquired it on level 6 of the Dungeon)
 I - the +7 war axe of Bife {venom, MP+9 Str+4 Dex+2}
   (You found it on level 3 of the Lair of Beasts)

   It poisons the flesh of those it strikes.
   It affects your strength (+4).
   It affects your dexterity (+2).
   It affects your magic capacity (+9).
Armour
 c - a +0 kite shield
 i - a +0 cloak of invisibility (worn)
   (You found it on level 3 of the Lair of Beasts)
 m - a +0 plate armour
   (You found it on level 3 of the Dungeon)
 n - the +7 chain mail "Ybix" (worn) {Str-4 Int-3 Slay+5 Stlth+}
   (You found it on level 5 of the Dungeon)

   It affects your strength (-4).
   It affects your intelligence (-3).
   It affects your accuracy and damage with ranged weapons and melee attacks
   (+5).
   It makes you more stealthy.
   If you remove this armour, your AC will decrease by 22 (36 -> 14).
 y - a +0 tower shield (worn)
   (You found it on level 6 of the Dungeon)
 M - a +2 pair of boots (worn)
   (You found it on level 3 of the Lair of Beasts)
 R - a +0 pair of gloves (worn)
   (You found it on level 1 of the Swamp)
 S - the +3 helmet "Dathuog" (worn) {-Cast rN+ rCorr}
   (You bought it in a shop on level 12 of the Dungeon)

   It protects you from negative energy.
   It prevents spellcasting.
   It provides partial protection from all sources of acid and corrosion.
   If you remove this armour, your AC will decrease by 5 (36 -> 31).
Jewellery
 k - an uncursed ring of resist corrosion
   (You found it on level 4 of the Spider Nest)
 p - a +2 ring of protection (left hand)
   (You found it on level 5 of the Pits of Slime)
 u - an uncursed ring of fire
   (You found it on level 5 of the Dungeon)
 G - the amulet of Yredelemnul's Regard (around neck) {Acrobat rC+ MR+}
   (You found it in a Gauntlet)

   [amulet of the acrobat]

   It helps you evade while moving and waiting.
   It protects you from cold.
   It affects your resistance to hostile enchantments.
 J - the ring "Plog" (right hand) {rPois rF+ SInv Stlth+}
   (You acquired it in a Gauntlet)

   [ring of see invisible]

   It protects you from fire.
   It protects you from poison.
   It lets you see invisible.
   It makes you more stealthy.
 L - an uncursed ring of ice
   (You found it on level 1 of the Swamp)
 P - the ring "Qizayhut" {*Corrode rElec Str+3 Int+4 Dex+6}
   (You acquired it on level 1 of the Swamp)

   [ring of strength]

   It affects your strength (+3).
   It affects your intelligence (+4).
   It affects your dexterity (+6).
   It insulates you from electricity.
   It may corrode you when you take damage.
 T - an uncursed amulet of magic regeneration
   (You took it off a spriggan on level 4 of the Swamp)
Wands
 a - a wand of paralysis (16)
   (You found it on level 6 of the Dungeon)
 l - a wand of acid (15)
   (You found it on level 1 of the Lair of Beasts)
 o - a wand of scattershot (3)
   (You found it on level 4 of the Lair of Beasts)
 v - a wand of digging (2)
   (You found it on level 6 of the Dungeon)
 E - a wand of clouds (9)
   (You found it on level 8 of the Dungeon)
 Q - a wand of iceblast (5)
   (You found it on level 6 of the Lair of Beasts)
Scrolls
 r - 9 scrolls of identify
 t - 13 scrolls of teleportation
 x - 14 scrolls of remove curse
 z - 2 scrolls of noise {unknown}
 C - a scroll of fear
 F - a scroll of magic mapping
 H - 2 scrolls of holy word
 K - a scroll of fog
 N - a scroll of torment
 V - a scroll of silence {unknown}
Potions
 d - 3 potions of might
 g - 7 potions of flight
 h - 2 potions of magic {unknown}
 j - 2 potions of berserk rage
 q - 2 potions of curing
 s - 5 potions of stabbing
 w - 5 potions of heal wounds
 A - 2 potions of brilliance
 B - 5 potions of lignification
 D - 3 potions of cancellation
 O - 4 potions of ambrosia
 U - 2 potions of invisibility {unknown}
 W - a potion of mutation
Comestibles
 e - 32 rations
 f - 10 chunks of flesh


   Skills:
 + Level 17.0 Fighting
 - Level 18.0 Axes
 + Level 19.6 Armour
 - Level 15.0 Shields
 - Level 15.0 Invocations


You had 18 spell levels left.
You didn't know any spells.
Your spell library was empty.

Dungeon Overview and Level Annotations

Branches:
Dungeon (15/15)            Temple (1/1) D:6            Lair (6/6) D:8
  Swamp (4/4) Lair:3       Spider (4/4) Lair:4        Slime (5/5) Lair:5
    Orc (0/2) D:11         Depths (5/5) D:15            Zot (2/5) Depths:5
Gauntlet (visited)
 Vaults: D:13-14

Altars:
Ashenzari
Dithmenos
Fedhas
Hepliaklqana
Makhleb
Okawaru
Qazlal
Ru
Trog
Uskayaw
Xom
Yredelemnul
The Shining One
Jiyva

Shops:
D:12 *%?[   D:15 ?   Depths:1 *

Portals:
Hell: Depths:5

Annotations:
Lair:6 exclusion: oklob plant
Swamp:4 1 runed translucent door, Flugslaktarn's ghost, adept DDFi
Depths:5 4 runed translucent doors


Innate Abilities, Weirdness & Mutations

You are resistant to damage.
You can heal yourself by infusing magical energy.
You resist negative energy. (rN+)
You passively map a large area around you.
You do not regenerate.
Your flesh is cold resistant. (rC+)
You have an increased reservoir of magic. (+10% MP)
You evolve.


Message History

The yellow draconian shifter gestures wildly while chanting.
The shadow dragon bites you but does no damage.
The shadow dragon closely misses you.
The shadow dragon claws you but does no damage.
The yellow draconian barely misses you.
You feel much better.
You block the purple draconian's attack.
The moth of wrath goads the yellow draconian on!
The yellow draconian goes berserk!
The green draconian hits you with a +0 mace.
You block the green draconian's attack. The black draconian monk hits you.
You block the black draconian monk's attack.
The black draconian monk barely misses you.
The shadow dragon bites you but does no damage.
The shadow dragon claws you but does no damage. x2
The white draconian hits you with a +0 long sword!!
* * * LOW HITPOINT WARNING * * *
You block the white draconian's attack.
The yellow draconian shifter blinks!
The purple draconian hits you with a +0 scimitar!!
You die...

, ,,, ..........# ,
, ..........# ,
..q.......# ** ,
.....d....# *
,,..........+,, *
,,, ...§dddqd.# * ,
,
.....ydddd#####+***
* * #..dq@dy..... ,
* #..dddD......, ,
,* #............ ,
*, * #............,
,,, **#.......^....
,* , , ,
+............, *
#../....q....,, , *
#............ , **,
, , ,


You could see a shadow dragon (berserk), a black draconian monk (berserk), a
black draconian knight (invisible), a black draconian, 5 draconians, 3
draconians, a purple draconian (berserk), 2 draconians, 2 draconians, 2
draconians and 2 moths of wrath.

Vanquished Creatures
  the Royal Jelly (Slime:5)
  A golden dragon (Depths:5)
  2 tentacled monstrosities
  Rupert (Lair:5)
  A quicksilver dragon (Depths:4)
  19 acid blobs
  A storm dragon (Depths:5)
  2 thorn hunters (Swamp:4)
  3 shadow dragons
  10 azure jellies
  A fire giant (Depths:2)
  A frost giant (Depths:2)
  A draconian scorcher (Zot:1)
  A draconian knight (Depths:5)
  3 ghost moths (Spider:4)
  6 emperor scorpions
  A draconian shifter (Depths:5)
  A draconian stormcaller (Zot:1)
  6 very ugly things (Depths:1)
  2 stone giants
  2 spark wasps (Depths:1)
  3 black draconians (Depths:5)
  2 purple draconians (Depths:5)
  4 white draconians
  A minotaur (Gauntlet)
  3 yellow draconians
  2 red draconians
  A merfolk impaler (Depths:2)
  3 death oozes
  2 ettins
  3 jiangshi (Depths:3)
  3 fire dragons (Depths:5)
  7 great orbs of eyes
  A rakshasa (Depths:1)
  18 hydras
  A spriggan air mage (Depths:5)
  2 catoblepae (Lair:3)
  A centaur warrior (Depths:1)
  6 two-headed ogres
  3 ice dragons
  Erica (Lair:1)
  3 death yaks (Lair:5)
  An ogre mage (Depths:1)
  10 alligators
  A tengu warrior (Depths:1)
  A vampire mage (Depths:3)
  Urug (Lair:2)
  A soul eater (Gauntlet)
  7 skeletal warriors
  An unseen horror (D:12)
  A glowing orange brain (Gauntlet)
  4 swamp dragons (Swamp:4)
  A tengu zombie (D:15)
  Pikel (D:6)
  A flayed ghost (D:15)
  A necromancer (D:15)
  A lindwurm (shapeshifter) (Depths:2)
  13 orb spiders
  A deep elf mage (D:14)
  6 shining eyes
  4 cyclopes
  3 ugly things
  53 slime creatures
  16 wolf spiders
  A manticore (D:12)
  A stone giant zombie (D:15)
  A fire giant zombie (D:15)
  6 black mambas
  3 moths of wrath
  An eye of devastation (Slime:3)
  4 elephants
  A centaur zombie (D:11)
  Maggie (D:6)
  35 spiny frogs
  2 gargoyles
  A centaur skeleton (D:13)
  5 rime drakes
  An ice devil (Gauntlet)
  A yaktaur (Depths:1)
  11 komodo dragons
  9 demonic crawlers
  A yaktaur skeleton (D:15)
  A queen bee (Lair:2)
  A tengu conjurer (Depths:1)
  13 jumping spiders
  2 trolls
  3 meliai (D:15)
  5 hornets
  A wind drake (shapeshifter) (Depths:5)
  6 tyrant leeches
  Prince Ribbit (D:6)
  20 blink frogs
  4 dream sheep (Lair:5)
  A polar bear (Lair:3)
  A bog body (Swamp:3)
  6 hippogriffs
  28 redbacks
  A vampire (D:12)
  23 tarantellas
  2 wyverns (Lair:2)
  2 shadows
  2 spriggans (Swamp:4)
  5 basilisks
  A human (D:8)
  5 water elementals
  51 yaks
  3 hogs (D:8)
  6 golden eyes
  13 vampire mosquitoes
  3 hungry ghosts (D:11)
  A soldier ant (D:14)
  10 swamp worms
  5 insubstantial wisps (Swamp:3)
  16 water moccasins
  A hornet zombie (D:8)
  9 swamp drakes
  5 porcupines
  7 orc warriors
  A slave (D:6)
  Duvessa (D:6)
  6 sky beasts
  3 black bears
  2 ice beasts
  A necrophage (D:9)
  4 phantoms
  9 wolves
  6 ogres
  3 eyes of draining
  3 boggarts (Depths:2)
  17 centaurs
  12 crocodiles
  A big kobold (D:12)
  A wyvern zombie (D:6)
  21 bullfrogs
  A gnoll sergeant (D:10)
  Dowan (D:6)
  A troll zombie (D:11)
  29 killer bees
  3 howler monkeys
  12 wights
  3 electric eels
  9 crimson imps
  A bullfrog zombie (D:10)
  9 hounds
  7 orc priests
  A gnoll shaman (D:7)
  3 jellies
  16 orc wizards
  A bullfrog skeleton (D:6)
  2 iguanas
  Natasha (D:2)
  5 hell rats (Lair:4)
  13 worker ants
  7 ogre zombies (D:11)
  2 hound skeletons
  A worker ant zombie (D:7)
  Robin (D:4)
  6 adders
  9 gnolls
  4 shadow imps (Gauntlet)
  2 white imps (Gauntlet)
  An ooze (D:3)
  An adder zombie (D:5)
  2 worms
  4 leopard geckos
  28 orcs
  7 giant cockroaches
  12 goblins
  5 hobgoblins
  5 quokkas
  A ball python (D:1)
  4 bats
  5 frilled lizards
  A goblin skeleton (D:11)
  3 goblin zombies (D:11)
  6 hobgoblin zombies (D:11)
  6 kobolds
  An orc skeleton (D:11)
  14 orc zombies (D:11)
  2 rats
  5 fungi
  12 plants
  2 withered plants (D:15)
982 creatures vanquished.

Vanquished Creatures (collateral kills)
  Dissolution (Slime:4)
  2 emperor scorpions (Spider:4)
  A ghost moth (Spider:4)
  7 hydras
  A catoblepas (D:14)
  An alligator (Swamp:4)
  A swamp dragon (Swamp:4)
  2 orb spiders (Spider:1)
  A demonic crawler (Spider:1)
  3 slime creatures (Slime:2)
  A hornet (Swamp:4)
  A spriggan (Swamp:4)
  3 redbacks (Spider:4)
  2 golden eyes (Slime:4)
  A swamp worm (Swamp:4)
  A floating eye (Slime:2)
29 creatures vanquished.

Vanquished Creatures (others)
  A shadow dragon (Zot:1)
  An unseen horror (D:13)
  A wolf spider (Spider:2)
  A demonic crawler (Spider:1)
  A centaur (D:6)
  An orc wizard (D:6)
  3 briar patches (Swamp:4)
  6 fungi
  19 plants
34 creatures vanquished.

Grand Total: 1045 creatures vanquished

Notes
Turn   | Place    | Note
-------+----------+-------------------------------------------
     0 | D:1      | Flugslaktarn the Deep Dwarf Fighter began the quest for the
                  | Orb.
     0 | D:1      | Reached XP level 1. HP: 20/20 MP: 1/1
    83 | D:1      | Reached XP level 2. HP: 25/27 MP: 2/2
   169 | D:2      | Noticed Natasha
   176 | D:2      | Killed Natasha
   176 | D:2      | Reached XP level 3. HP: 25/34 MP: 3/3
   241 | D:2      | Found a shadowy altar of Dithmenos.
   555 | D:4      | Noticed a phantom
   615 | D:4      | Noticed Robin
   617 | D:4      | Reached XP level 4. HP: 42/42 MP: 4/4
   623 | D:4      | Killed a phantom
   623 | D:4      | Reached skill level 4 in Armour
   623 | D:4      | Reached XP level 5. HP: 44/49 MP: 5/5
   648 | D:4      | Killed Robin
   723 | D:4      | Reached XP level 6. HP: 51/57 MP: 6/6
   736 | D:4      | Reached skill level 5 in Axes
   914 | D:4      | Reached XP level 7. HP: 39/64 MP: 7/7
   934 | D:4      | Reached skill level 5 in Armour
   934 | D:4      | Reached skill level 5 in Shields
   953 | D:4      | Found a hazy altar of Hepliaklqana.
  1194 | D:5      | Entered Level 5 of the Dungeon
  1545 | D:5      | Got a twisted chain mail
  1556 | D:5      | Identified the +7 chain mail "Ybix" {Str-4 Int-3 Slay+5
                  | Stlth+} (You found it on level 5 of the Dungeon)
  1602 | D:5      | Reached XP level 8. HP: 68/73 MP: 8/8
  2416 | D:6      | Reached skill level 6 in Armour
  2420 | D:6      | Reached skill level 5 in Fighting
  2465 | D:6      | Noticed Maggie
  2480 | D:6      | Killed Maggie
  2512 | D:6      | Noticed Duvessa
  2512 | D:6      | Noticed Dowan
  2513 | D:6      | Noticed Prince Ribbit
  2523 | D:6      | Killed Duvessa
  2530 | D:6      | Killed Prince Ribbit
  2530 | D:6      | Gained mutation: You passively map the area around you.
                  | [Deep Dwarf growth]
  2530 | D:6      | Reached XP level 9. HP: 35/81 MP: 9/9
  2543 | D:6      | Killed Dowan
  2691 | D:6      | Noticed Pikel
  2716 | D:6      | Killed Pikel
  2716 | D:6      | Reached skill level 7 in Armour
  2865 | D:6      | Found a shattered altar of Ashenzari.
  2926 | D:6      | Found a shadowy altar of Dithmenos.
  3026 | D:6      | Found a staircase to the Ecumenical Temple.
  3147 | Temple   | Entered the Ecumenical Temple
  3362 | Temple   | Became a worshipper of Makhleb the Destroyer
  3405 | D:6      | Identified a scroll of acquirement
  3405 | D:6      | Identified the ring of Igararr {rF- Str+3 Int+3 Stlth+}
                  | (You acquired it on level 6 of the Dungeon)
  3553 | D:7      | Found a shimmering altar of Xom.
  3553 | D:7      | Found a shimmering altar of Xom.
  3553 | D:7      | Found a shimmering altar of Xom.
  3553 | D:7      | Found a shimmering altar of Xom.
  3553 | D:7      | Found a shimmering altar of Xom.
  3558 | D:7      | Found a shimmering altar of Xom.
  3567 | D:7      | Reached skill level 1 in Invocations
  3568 | D:7      | Found a shimmering altar of Xom.
  3575 | D:7      | Found a blossoming altar of Fedhas.
  3623 | D:7      | Reached skill level 10 in Axes
  3697 | D:7      | Found a shimmering altar of Xom.
  3699 | D:7      | Noticed a jumping spider
  3760 | D:7      | Noticed a manticore
  3791 | D:7      | Reached XP level 10. HP: 80/92 MP: 10/10
  3802 | D:7      | Reached * piety under Makhleb
  4007 | D:8      | Found a shimmering altar of Xom.
  4028 | D:8      | Found a shattered altar of Ashenzari.
  4081 | D:8      | Noticed a two-headed ogre
  4092 | D:8      | Killed a two-headed ogre
  4092 | D:8      | Reached skill level 8 in Armour
  4322 | D:8      | Found a staircase to the Lair.
  4696 | D:9      | Reached ** piety under Makhleb
  4747 | Lair:1   | Entered Level 1 of the Lair of Beasts
  4901 | Lair:1   | Noticed a spiny frog
  4909 | Lair:1   | Killed a spiny frog
  4909 | Lair:1   | Reached skill level 5 in Invocations
  4910 | Lair:1   | Reached XP level 11. HP: 100/100 MP: 13/13
  5003 | Lair:1   | Reached skill level 9 in Armour
  5026 | Lair:1   | Noticed Erica
  5034 | Lair:1   | Killed Erica
  5827 | Lair:2   | Noticed a five-headed hydra
  5837 | Lair:2   | Killed a ten-headed hydra
  5854 | Lair:2   | Noticed Urug
  5862 | Lair:2   | Killed Urug
  5913 | Lair:2   | Reached *** piety under Makhleb
  6004 | Lair:2   | Reached XP level 12. HP: 107/111 MP: 15/15
  6067 | Lair:2   | Reached skill level 10 in Armour
  6084 | Lair:2   | Reached skill level 10 in Shields
  6185 | Lair:2   | Reached **** piety under Makhleb
  6539 | Lair:3   | Got a twisted war axe
  6540 | Lair:3   | Identified the +7 war axe of Bife {venom, MP+9 Str+4 Dex+2}
                  | (You found it on level 3 of the Lair of Beasts)
  6642 | Lair:3   | Found a staircase to the Swamp.
  6665 | Lair:3   | Noticed a catoblepas
  6688 | Lair:3   | Killed a catoblepas
  6689 | Lair:3   | Reached skill level 15 in Axes
  6698 | Lair:3   | Gained mutation: Your spells are a little harder to cast,
                  | but a little more powerful. [potion of mutation]
  6698 | Lair:3   | Gained mutation: Armour fits poorly on your strangely
                  | shaped body. [potion of mutation]
  6698 | Lair:3   | Gained mutation: You are partially covered in thin metallic
                  | scales. (AC +2) [potion of mutation]
  6699 | Lair:3   | Lost mutation: Armour fits poorly on your strangely shaped
                  | body. [potion of mutation]
  6699 | Lair:3   | Lost mutation: Your spells are a little harder to cast, but
                  | a little more powerful. [potion of mutation]
  6699 | Lair:3   | Lost mutation: You are partially covered in thin metallic
                  | scales. (AC +2) [potion of mutation]
  6699 | Lair:3   | Gained mutation: You occasionally shout uncontrollably at
                  | your foes. [potion of mutation]
  6699 | Lair:3   | Gained mutation: You possess an exceptional clarity of
                  | mind. [potion of mutation]
  6700 | Lair:3   | Lost mutation: You possess an exceptional clarity of mind.
                  | [potion of mutation]
  6700 | Lair:3   | Lost mutation: You occasionally shout uncontrollably at
                  | your foes. [potion of mutation]
  6700 | Lair:3   | Gained mutation: You are dopey. (Int -2) [potion of
                  | mutation]
  6700 | Lair:3   | Gained mutation: Your flesh is cold resistant. (rC+)
                  | [potion of mutation]
  6701 | Lair:3   | Lost mutation: You are dopey. (Int -2) [potion of mutation]
  6701 | Lair:3   | Lost mutation: Your flesh is cold resistant. (rC+) [potion
                  | of mutation]
  6701 | Lair:3   | Gained mutation: You have sharp toenails. [potion of
                  | mutation]
  6827 | Lair:3   | Found a gate leading to a gauntlet.
  6827 | Lair:3   | Noticed a catoblepas
  6835 | Lair:3   | Killed a catoblepas
  6847 | Lair:3   | Reached XP level 13. HP: 121/121 MP: 17/17
  6850 | Gauntlet | Entered a Gauntlet
  6850 | Gauntlet | Found a transporter.
  6857 | Gauntlet | Found a transporter.
  6859 | Gauntlet | Found a transporter.
  6870 | Gauntlet | Found a transporter.
  6871 | Gauntlet | Found a transporter.
  6886 | Gauntlet | Found a transporter.
  6896 | Gauntlet | Noticed a dire elephant
  6897 | Gauntlet | Found a transporter.
  6907 | Gauntlet | Found a transporter.
  6914 | Gauntlet | Found a runed translucent gate.
  6914 | Gauntlet | Found a runed translucent gate.
  6914 | Gauntlet | Found a runed translucent gate.
  6917 | Gauntlet | Found a transporter.
  6929 | Gauntlet | Found a transporter.
  6929 | Gauntlet | Found a transporter.
  6943 | Gauntlet | Found a transporter.
  7020 | Gauntlet | Found a transporter.
  7021 | Gauntlet | Found a transporter.
  7022 | Gauntlet | Found the +7 mace of Variability {chain chaos}
  7106 | Gauntlet | Reached skill level 11 in Armour
  7114 | Gauntlet | Got a warped ruby amulet
  7118 | Gauntlet | Identified the ring "Plog" {rPois rF+ SInv Stlth+} (You
                  | acquired it in a Gauntlet)
  7121 | Gauntlet | Identified the amulet of Yredelemnul's Regard {Acrobat rC+
                  | MR+} (You found it in a Gauntlet)
  7172 | Gauntlet | Identified the +9 trident of Imminent Death {venom, rN+}
  7172 | Gauntlet | Noticed a minotaur
  7180 | Gauntlet | Killed a minotaur
  7727 | Lair:4   | Found a hole to the Spider Nest.
  7794 | Lair:4   | Reached ***** piety under Makhleb
  7947 | Lair:4   | Reached skill level 10 in Invocations
  8331 | Lair:5   | Noticed Rupert
  8346 | Lair:5   | Killed Rupert
  8907 | Lair:5   | Found a viscous altar of Jiyva.
  8907 | Lair:5   | Found a staircase to the Slime Pits.
  9139 | Lair:6   | Entered Level 6 of the Lair of Beasts
  9145 | Lair:6   | Reached skill level 10 in Fighting
  9200 | Lair:6   | Gained mutation: You resist negative energy. (rN+) [Deep
                  | Dwarf growth]
  9200 | Lair:6   | Reached XP level 14. HP: 66/132 MP: 20/20
  9413 | Lair:6   | Reached ****** piety under Makhleb
  9413 | Lair:6   | Reached skill level 12 in Armour
 10058 | Spider:1 | Entered Level 1 of the Spider Nest
 10072 | Spider:1 | Noticed an emperor scorpion
 10101 | Spider:1 | Killed an emperor scorpion
 10321 | Spider:3 | Noticed an emperor scorpion
 10338 | Spider:3 | Killed an emperor scorpion
 10548 | Spider:3 | Reached skill level 13 in Armour
 10567 | Spider:4 | Entered Level 4 of the Spider Nest
 10581 | Spider:4 | Reached XP level 15. HP: 141/141 MP: 20/20
 11041 | Spider:4 | Noticed a ghost moth
 11049 | Spider:4 | Killed a ghost moth
 11051 | Spider:4 | Noticed a ghost moth
 11057 | Spider:4 | Noticed a ghost moth
 11063 | Spider:4 | Noticed a ghost moth
 11068 | Spider:4 | Killed a ghost moth
 11073 | Spider:4 | Killed a ghost moth
 11088 | Spider:4 | Killed a ghost moth
 11139 | Spider:4 | Got a gossamer rune of Zot
 11347 | Swamp:1  | Entered Level 1 of the Swamp
 11460 | Swamp:1  | Identified the ring "Qizayhut" {*Corrode rElec Str+3 Int+4
                  | Dex+6} (You acquired it on level 1 of the Swamp)
 11566 | Swamp:4  | Entered Level 4 of the Swamp
 11626 | Swamp:4  | Reached skill level 14 in Armour
 11697 | Swamp:4  | Found a runed translucent door.
 11697 | Swamp:4  | Noticed Flugslaktarn's ghost (adept DDFi)
 11860 | Swamp:4  | Reached XP level 16. HP: 122/152 MP: 21/21
 11991 | Swamp:4  | Noticed a thorn hunter
 12030 | Swamp:4  | Noticed a thorn hunter
 12035 | Swamp:4  | Killed a thorn hunter
 12035 | Swamp:4  | Reached skill level 15 in Invocations
 12042 | Swamp:4  | Killed a thorn hunter
 12057 | Swamp:4  | Got a decaying rune of Zot
 12253 | Slime:1  | Entered Level 1 of the Pits of Slime
 12260 | Slime:1  | Noticed an acid blob
 12273 | Slime:1  | Killed an acid blob
 12311 | Slime:2  | Noticed an acid blob
 12329 | Slime:2  | Killed an acid blob
 12331 | Slime:2  | Reached skill level 15 in Armour
 12342 | Slime:2  | Paralysed by a floating eye for 3 turns
 12355 | Slime:2  | Gained mutation: Armour fits poorly on your strangely
                  | shaped body. [a shining eye]
 12357 | Slime:2  | Gained mutation: Your magical capacity is low. (-10% MP) [a
                  | shining eye]
 12449 | Slime:3  | Reached skill level 15 in Shields
 12457 | Slime:4  | Noticed an acid blob
 12457 | Slime:4  | Noticed an acid blob
 12458 | Slime:4  | Noticed an acid blob
 12460 | Slime:4  | Noticed an acid blob
 12463 | Slime:4  | Killed an acid blob
 12471 | Slime:4  | Noticed Dissolution
 12472 | Slime:4  | Killed an acid blob
 12478 | Slime:3  | Killed an acid blob
 12479 | Slime:3  | Killed an acid blob
 12537 | Slime:4  | Killed Dissolution
 12537 | Slime:4  | Reached XP level 17. HP: 119/164 MP: 14/19
 12549 | Slime:5  | Entered Level 5 of the Pits of Slime
 12555 | Slime:5  | Noticed an acid blob
 12562 | Slime:5  | Gained mutation: Scrolls take you a little longer to read.
                  | [a shining eye]
 12563 | Slime:5  | Noticed an acid blob
 12564 | Slime:5  | Gained mutation: Scrolls take you longer to read. [a
                  | shining eye]
 12565 | Slime:5  | Gained mutation: Your flesh is heat resistant. (rF+) [a
                  | shining eye]
 12569 | Slime:5  | Gained mutation: Your magical capacity is very low. (-20%
                  | MP) [a shining eye]
 12575 | Slime:5  | Killed an acid blob
 12578 | Slime:5  | Killed an acid blob
 12578 | Slime:5  | Reached skill level 16 in Armour
 12631 | Slime:5  | Noticed the Royal Jelly
 12632 | Slime:5  | Found a viscous altar of Jiyva.
 12640 | Slime:5  | Noticed an acid blob
 12640 | Slime:5  | Noticed an acid blob
 12648 | Slime:5  | Killed an acid blob
 12653 | Slime:5  | Killed an acid blob
 12654 | Slime:5  | Noticed an acid blob
 12655 | Slime:5  | Noticed an acid blob
 12656 | Slime:5  | Noticed an acid blob
 12660 | Slime:5  | Killed an acid blob
 12662 | Slime:5  | Noticed an acid blob
 12662 | Slime:5  | Noticed an acid blob
 12662 | Slime:5  | Noticed an acid blob
 12663 | Slime:5  | Noticed an acid blob
 12663 | Slime:5  | Killed an acid blob
 12665 | Slime:5  | Noticed an acid blob
 12667 | Slime:5  | Killed an acid blob
 12671 | Slime:5  | Noticed an acid blob
 12674 | Slime:5  | Killed the Royal Jelly
 12674 | Slime:5  | Noticed an acid blob
 12675 | Slime:5  | Noticed an acid blob
 12679 | Slime:5  | Noticed an acid blob
 12740 | Slime:5  | Noticed an acid blob
 12751 | Slime:5  | Killed an acid blob
 12763 | Slime:5  | Noticed an acid blob
 12773 | Slime:5  | Killed an acid blob
 12789 | Slime:5  | Got a slimy rune of Zot
 12826 | Slime:5  | Killed an acid blob
 12843 | Slime:4  | Gained mutation: You are clumsy. (Dex -2) [a shining eye]
 12845 | Slime:4  | Gained mutation: You are occasionally teleported next to
                  | monsters. [a shining eye]
 12849 | Slime:3  | Noticed an acid blob
 12868 | Slime:3  | Killed an acid blob
 12873 | Slime:3  | Lost mutation: Armour fits poorly on your strangely shaped
                  | body. [potion of mutation]
 12873 | Slime:3  | Lost mutation: Your magical capacity is very low. (-20% MP)
                  | [potion of mutation]
 12873 | Slime:3  | Lost mutation: Your flesh is heat resistant. (rF+) [potion
                  | of mutation]
 12873 | Slime:3  | Lost mutation: You are clumsy. (Dex -2) [potion of
                  | mutation]
 12884 | Slime:2  | Noticed an acid blob
 12887 | Slime:2  | Noticed an acid blob
 12892 | Slime:2  | Killed an acid blob
 12897 | Slime:2  | Reached skill level 17 in Armour
 12903 | Slime:2  | HP: 2/168 [acid blob (36)]
 12914 | Slime:2  | Killed an acid blob
 13166 | D:10     | Entered Level 10 of the Dungeon
 13395 | D:11     | Found a staircase to the Orcish Mines.
 13748 | D:12     | Found Cach's Armour Emporium.
 13757 | D:12     | Bought the +3 helmet "Dathuog" {-Cast rN+ rCorr} for 380
                  | gold pieces
 13856 | D:12     | Found Wusk's Food Shop.
 13856 | D:12     | Found Wyekaphielu's Magic Scroll Shop.
 13926 | D:12     | Found Mifrog's Assorted Antiques.
 13934 | D:12     | Identified the +5 war axe of Ashenzari {vorpal, rPois rF+
                  | Str-4} (You acquired it on level 12 of the Dungeon)
 14065 | D:13     | Reached skill level 15 in Fighting
 14388 | D:15     | Entered Level 15 of the Dungeon
 14388 | D:15     | Found Rinad's Magic Scroll Boutique.
 14435 | D:15     | Bought a scroll of acquirement for 780 gold pieces
 14444 | D:15     | Found a staircase to the Depths.
 14459 | D:15     | Gained mutation: You passively map a large area around you.
                  | [Deep Dwarf growth]
 14459 | D:15     | Reached XP level 18. HP: 178/178 MP: 16/16
 14486 | D:15     | Lost mutation: Your magical capacity is low. (-10% MP)
                  | [potion of mutation]
 14486 | D:15     | Lost mutation: Scrolls take you longer to read. [potion of
                  | mutation]
 14486 | D:15     | Gained mutation: Armour fits poorly on your strangely
                  | shaped body. [potion of mutation]
 14486 | D:15     | Gained mutation: You occasionally shout uncontrollably at
                  | your foes. [potion of mutation]
 14486 | D:15     | Gained mutation: You are robust. (+10% HP) [potion of
                  | mutation]
 14486 | D:15     | Gained mutation: You evolve. [potion of mutation]
 14487 | D:15     | Lost mutation: You have sharp toenails. [potion of
                  | mutation]
 14487 | D:15     | Lost mutation: You are occasionally teleported next to
                  | monsters. [potion of mutation]
 14487 | D:15     | Lost mutation: Scrolls take you a little longer to read.
                  | [potion of mutation]
 14487 | D:15     | Gained mutation: Your flesh is cold resistant. (rC+)
                  | [potion of mutation]
 14487 | D:15     | Lost mutation: You are robust. (+10% HP) [potion of
                  | mutation]
 14487 | D:15     | Gained mutation: You have sharp toenails. [potion of
                  | mutation]
 14487 | D:15     | Gained mutation: Your mind is acute. (Int +2) [potion of
                  | mutation]
 14488 | D:15     | Lost mutation: You occasionally shout uncontrollably at
                  | your foes. [potion of mutation]
 14488 | D:15     | Lost mutation: Armour fits poorly on your strangely shaped
                  | body. [potion of mutation]
 14488 | D:15     | Lost mutation: You have sharp toenails. [potion of
                  | mutation]
 14488 | D:15     | Lost mutation: Your mind is acute. (Int +2) [potion of
                  | mutation]
 14488 | D:15     | Gained mutation: You have an increased reservoir of magic.
                  | (+10% MP) [potion of mutation]
 14494 | Depths:1 | Entered Level 1 of the Depths
 14515 | Depths:1 | Reached skill level 18 in Armour
 14562 | Depths:1 | Found Epunego's Elemental Accessories.
 14992 | Depths:5 | Entered Level 5 of the Depths
 15038 | Depths:5 | Found a gateway to Hell.
 15048 | Depths:5 | Noticed a tentacled monstrosity
 15065 | Depths:5 | Killed a tentacled monstrosity
 15074 | Depths:5 | Noticed a golden dragon
 15095 | Depths:5 | Killed a golden dragon
 15095 | Depths:5 | Reached skill level 19 in Armour
 15167 | Depths:5 | Found a runed translucent door.
 15167 | Depths:5 | Found a runed translucent door.
 15268 | Depths:5 | Found a runed translucent door.
 15309 | Depths:5 | Found a runed translucent door.
 15309 | Depths:5 | Found a runed translucent door.
 15339 | Depths:5 | Found a gate to the Realm of Zot.
 15351 | Zot:1    | Entered Level 1 of the Realm of Zot
 15351 | Zot:1    | Noticed a tentacled monstrosity
 15365 | Zot:1    | Killed a tentacled monstrosity
 15365 | Zot:1    | Reached XP level 19. HP: 116/190 MP: 22/22
 15486 | Zot:2    | HP: 3/193 [black draconian monk (24)]
 15487 | Zot:2    | Slain by a purple draconian

Levels and vault maps discovered:
D:1:      ncdulo_lavacross, layout_rooms, minmay_crystal_room
D:2:      layout_basic, grunt_temple_overflow_gold_and_silver,
          old_standard_altar, grunt_temple_overflow_diamond, first_ration,
          chequers_serial_rivers_micro_b, grunt_dithmenos_smoke, uniq_natasha,
          uniq_terence, uniq_crazy_yiuf_cottage, uniq_jessica
D:3:      layout_loops_corners, lemuel_zombie_altar_kikubaaqudgha,
          lemuel_coloured_pillars_altar
D:4:      layout_rooms, kennysheep_mini_moat, uniq_robin
D:5:      minmay_opposing_rooms, layout_layer_cave,
          minmay_fractal_squares_diagonal_5
D:6:      layout_loops_corners, old_standard_altar, temple_green,
          cheibrodos_ashenzari_chains, uniq_prince_ribbit1, uniq_pikel,
          uniq_maggie, uniq_duvessa
D:7:      layout_cave_pools, basic_altar, xom_shifter_show
D:8:      layout_loops_ring, lemuel_round_altar, lemuel_crystal_altar,
          lair_entry_dummy, grunt_livestock
D:9:      layout_loops_ring, elyvilon_altar_1, palyth_stone_intersect,
          chequers_serial_rivers_large_a, grunt_ministairs_7
D:10:     layout_gridville, hangedman_decor_riveting
D:11:     minmay_slanted_spiral_squares, layout_small_grid, zombieorc2_lemuel,
          portal_ice_cave_entry_pillars_2, dk_vineyard_2, minmay_crystal_water,
          hangedman_decor_points, chequers_serial_rivers_room_a, uniq_fannar
D:12:     layout_long_grid, serial_shops, nicolae_shop_statue_plus,
          kennysheep_little_box, shop_fountains, shop, shop_fountains,
          roderic_roman_lattice
D:13:     layout_cave_pools
D:14:     layout_long_grid, hangedman_vaults_entry_quadrant_bands, serial_shops,
          kennysheep_mini, special_room [special_room_mythical_zoo],
          nicolae_gozag_cash_rules_everything_around_me
D:15:     gammafunk_depths_entry_grave, layout_irregular_city, minivault_26,
          serial_shops, shop, shop_statue,
          nicolae_shop_temple_entry_statues_fountains, shop_scrolls
Temple:   jpeg_temple_island
Lair:1:   layout_hall_layers, st_stairs_5, grunt_forest_small_clearing_treed,
          uniq_erica
Lair:2:   regret_index_wax_grids, layout_chaotic_city, serial_bayou_crossing,
          uniq_urug
Lair:3:   layout_roguey, minmay_swamp_entry_swarm, gauntlet_entry_generic,
          hangedman_lair_generics_rect
Lair:4:   layout_regular_city, spider_nest_entry_webs, grunt_megastairs_4
Lair:5:   layout_long_grid, dpeg_slime_entry_enclosed_altar, grunt_megastairs_3,
          uniq_rupert
Lair:6:   minmay_lair_end_frog_pond, layout_long_grid
Swamp:1:  layout_basic_swamp, serial_swamp_ruin, hangedman_swamp_ruin_hall,
          evilmike_swamp_ruin_house_1, evilmike_swamp_ruin_rubble_1, swamp_pool3
Swamp:2:  layout_falls_marsh, nicolae_swamp_treefoil
Swamp:3:  layout_falls_marsh, evilmike_swamp_ruin_house_2
Swamp:4:  swamp, layout_basic_swamp, gammafunk_ghost_grave, swamp_pool4
Spider:1: layout_spider_delve
Spider:2: layout_chambers, guppyfry_hornet_nest
Spider:3: layout_spider_delve
Spider:4: grunt_spider_rune_circles, drop_trap
Slime:1:  layout_caves
Slime:2:  layout_caves
Slime:3:  cheibrodos_slime_lost_civilization_3, layout_caves,
          cheibrodos_slime_lost_civilization_7
Slime:4:  layout_caves, uniq_dissolution
Slime:5
Depths:1: layout_twisted_cross, kennysheep_decorative_pillar, hell_entry,
          pan_entry, nicolae_abyss_entry_one_way_or_another,
          hangedman_abyss_or_decor_clamps, nicolae_elemental_shop,
          kennysheep_dice, uniq_sojobo
Depths:2: minmay_the_grid_square_5x5_3x3 [minmay_the_grid_square_5x5_meh,
          minmay_the_grid_square_5x5_hollow_slash,
          minmay_the_grid_square_5x5_trominoes,
          minmay_the_grid_square_5x5_minibox,
          minmay_the_grid_square_5x5_megaprize_open,
          minmay_the_grid_square_5x5_minimal,
          minmay_the_grid_square_5x5_percent, minmay_the_grid_square_5x5_comb,
          minmay_the_grid_square_5x5_tie], layout_gridlike, kennysheep_path_1,
          pf_hell_entry_tar_spiral, abyss_entry, infiniplex_staircase_zigzag_3,
          serial_bayou_shore_a
Depths:3: kennysheep_blocky_room, layout_cross, pf_coc_iceberg,
          grunt_pan_entry_spiral, lemuel_old_faithful
Depths:4: hangedman_box_tower, layout_gridlike, enter_ziggurat_a, hell_entry,
          abyss_entry_crystal, serial_shops, shop,
          minmay_misc_feat_four_crosses, minmay_staircase_windowed_large
Depths:5: evilmike_zot_entry_castle, layout_basic, hell_entry, uniq_margery
Zot:1:    lemuel_draconian_sentries, layout_misc_corridors
Zot:2:    layout_gridlike

Skill      XL: |  1  2  3  4  5  6  7  8  9 10 11 12 13 14 15 16 17 18 19 |
---------------+----------------------------------------------------------+-----
Fighting       | 3 4 5 6 7 8 9 10 11 12 13 15 16 17 | 17.0
Axes           | 3 4 5 6 8 10 11 12 15 17 18 | 18.0
Armour         | 4 5 6 7 8 9 10 11 13 14 15 17 19 | 19.6
Shields        | 4 5 6 7 8 9 10 11 12 14 15 | 15.0
Invocations    | 2 5 7 9 10 12 14 15 | 15.0

Action                   |  1- 3 |  4- 6 |  7- 9 | 10-12 | 13-15 | 16-18 | 19-21 || total
-------------------------+-------+-------+-------+-------+-------+-------+-------++-------
Melee: War axe           |    98 |   106 |   254 |       |       |       |       ||   458
       Broad axe         |       |       |    37 |   400 |   871 |  1028 |    39 ||  2375
       Kick              |       |       |       |    10 |    11 |       |       ||    21
Invok: Lesser Servant of |       |       |       |       |     8 |     5 |       ||    13
       Greater Servant o |       |       |       |       |     2 |     4 |       ||     6
 Abil: Heal Wounds       |     2 |     5 |     8 |     5 |    18 |    20 |     6 ||    64
       Evoke Invisibilit |       |       |       |       |     1 |       |       ||     1
Evoke: Wand              |       |       |       |       |     1 |       |       ||     1
  Use: Scroll            |       |       |    17 |     3 |    19 |    10 |       ||    49
       Potion            |       |       |       |     4 |     5 |     7 |     1 ||    17
 Stab: Petrified         |       |       |       |     3 |       |     3 |       ||     6
       Invisible         |       |       |       |       |     3 |       |       ||     3
       Confused          |       |       |       |       |       |       |     2 ||     2
  Eat: Chunk             |       |     1 |     3 |    10 |    12 |     9 |     2 ||    37
       Ration            |       |       |     2 |       |     2 |     1 |       ||     5
Armor: Scale mail        |    27 |       |       |       |       |       |       ||    27
       Plate armour      |    11 |   100 |    57 |       |       |       |       ||   168
       Chain mail        |       |       |   103 |   240 |   767 |   473 |    44 ||  1627
Dodge: Dodged            |    31 |    28 |    44 |    57 |   251 |   219 |    17 ||   647
Block: Kite shield       |    51 |    66 |   101 |       |       |       |       ||   218
       Tower shield      |       |       |    49 |   359 |  1036 |   914 |    51 ||  2409

Table legend:
 A = Non-vault XP
 B = Vault XP
 C = Vault XP percentage of total XP
 D = Non-vault monster count
 E = Vault monster count
 F = Vault count percentage of total count
                 A         B        C        D         E       F
            +---------+---------+-------+---------+---------+-------
      Total |  243303 |  144109 |  37.2 |     699 |     282 |  28.7
            +---------+---------+-------+---------+---------+-------
        D:1 |      20 |       0 |   0.0 |      12 |       0 |   0.0
        D:2 |      17 |      35 |  67.3 |       9 |       1 |  10.0
        D:3 |      24 |       0 |   0.0 |       5 |       0 |   0.0
        D:4 |     763 |      34 |   4.3 |      22 |      11 |  33.3
        D:5 |     477 |     437 |  47.8 |      13 |      11 |  45.8
        D:6 |    1302 |    1562 |  54.5 |      23 |       5 |  17.9
        D:7 |    1616 |       0 |   0.0 |      31 |       0 |   0.0
        D:8 |    1839 |    1007 |  35.4 |      21 |       5 |  19.2
        D:9 |     874 |       3 |   0.3 |       6 |       1 |  14.3
       D:10 |    1406 |       0 |   0.0 |      12 |       0 |   0.0
       D:11 |    4296 |     824 |  16.1 |      29 |      36 |  55.4
       D:12 |    3906 |       0 |   0.0 |      35 |       0 |   0.0
       D:13 |    8635 |       0 |   0.0 |      20 |       0 |   0.0
       D:14 |    4030 |       0 |   0.0 |      19 |       0 |   0.0
       D:15 |     973 |    4810 |  83.2 |       4 |       8 |  66.7
     Lair:1 |    3526 |    1011 |  22.3 |      17 |       2 |  10.5
     Lair:2 |    7936 |    7203 |  47.6 |      33 |      45 |  57.7
     Lair:3 |    7687 |    3251 |  29.7 |      32 |       9 |  22.0
     Lair:4 |    4839 |     157 |   3.1 |      16 |       1 |   5.9
     Lair:5 |    9027 |    3104 |  25.6 |      26 |       3 |  10.3
     Lair:6 |    8965 |   11137 |  55.4 |      24 |      43 |  64.2
    Swamp:1 |    3966 |       0 |   0.0 |      12 |       0 |   0.0
    Swamp:2 |    1926 |       0 |   0.0 |       3 |       0 |   0.0
    Swamp:3 |    1063 |       0 |   0.0 |       6 |       0 |   0.0
    Swamp:4 |   16453 |   17642 |  51.7 |      33 |      25 |  43.1
   Spider:1 |   10167 |       0 |   0.0 |      30 |       0 |   0.0
   Spider:2 |    6980 |       0 |   0.0 |      23 |       0 |   0.0
   Spider:3 |    3888 |       0 |   0.0 |       7 |       0 |   0.0
   Spider:4 |   11922 |   21937 |  64.8 |      32 |      33 |  50.8
    Slime:1 |    6147 |       0 |   0.0 |      10 |       0 |   0.0
    Slime:2 |   15186 |       0 |   0.0 |      24 |       0 |   0.0
    Slime:3 |   13079 |       0 |   0.0 |      21 |       0 |   0.0
    Slime:4 |    7538 |   10156 |  57.4 |      12 |       1 |   7.7
    Slime:5 |   12702 |   19736 |  60.8 |      15 |       5 |  25.0
   Depths:1 |   25486 |    2626 |   9.3 |      30 |       3 |   9.1
   Depths:2 |    7611 |       0 |   0.0 |      12 |       0 |   0.0
   Depths:3 |    5044 |       0 |   0.0 |       5 |       0 |   0.0
   Depths:4 |    4401 |       0 |   0.0 |       2 |       0 |   0.0
   Depths:5 |    5276 |   33164 |  86.3 |       4 |      22 |  84.6
      Zot:1 |   12310 |       0 |   0.0 |       9 |       0 |   0.0
   Gauntlet |       0 |    4273 | 100.0 |       0 |      12 | 100.0
            +---------+---------+-------+---------+---------+-------
